 Dungeon Crawl Stone Soup version 0.31-a0-441-g867994ef1c (webtiles) character file.

Game seed: 9274353655228988002

2254 jlumianski the Magician (level 9, -3/59 HPs)
             Began as a Djinni Fire Elementalist on Aug 2, 2023.
             Was a Believer of Makhleb.
             Slain by a two-headed ogre
             ... wielding a +0 giant club
              (12 damage)
             ... on level 9 of the Dungeon.
             The game lasted 00:39:32 (5643 turns).

jlumianski the Magician (Djinni Fire Elementalist)  Turns: 5643, Time: 00:39:33

Health: -3/59      AC: 10    Str: 12    XL:     9   Next: 64%
Gold:   382        EV: 13    Int: 20    God:    Makhleb [**....] SH:  0 Dex: 15

rFire   + + .        l - +0 long sword
rCold   x . .        (no shield)
rNeg    + . .        A - +3 leather armour
rPois   ∞            (no helmet)
rElec   +            m - +2 cloak of Votypho {rElec SInv}
rCorr   .            b - +0 pair of gloves
SInv    +            (boots unavailable)
Will    .....        (no amulet)
Stlth   ++           Q - ring "Ytodox" {Wiz rN+ Str+5}
HPRegen 0.29/turn    (no ring)
MPRegen 0.00/turn

%: wizardry (x1), infuse magic (-4 HP)
@: flying
A: sickness immunity, fire resistance 2, cold vulnerability 1, float, innate
caster, HP casting, extra vitality 1
a: Renounce Religion, Minor Destruction


You were on level 9 of the Dungeon.
You worshipped Makhleb.
Makhleb was pleased with you.
You visited 2 branches of the dungeon, and saw 10 of its levels.

You collected 382 gold pieces.

Inventory:

Hand Weapons
 e - a +0 short sword
 l - a +0 long sword (weapon)
 n - the +7 spear of Ashenzari {heavy, *Noise rF+ rC+ Dex+3}
   (You found it on level 2 of the Dungeon)

   Dex:       It affects your dexterity (+3).
   rF:        It protects you from fire.
   rC:        It protects you from cold.
   *Noise:    It may make noises in combat.
 t - a +2 short sword of holy wrath
 H - a +4 dagger
 V - a +1 dagger of venom
Missiles
 f - 28 poisoned darts
 g - 4 boomerangs
 w - a throwing net
 P - a curare-tipped dart
Armour
 a - a +0 robe
 b - a +0 pair of gloves (worn)
 h - a +0 leather armour
 j - a +0 cloak
 m - the +2 cloak of Votypho (worn) {rElec SInv}
   (You acquired it on level 3 of the Dungeon)

   rElec:     It insulates you from electricity.
   SInv:      It lets you see invisible.
 A - a +3 leather armour (worn)
Jewellery
 y - a ring of fire
 L - a ring of fire
 Q - the ring "Ytodox" (left hand) {Wiz rN+ Str+5}
   (You acquired it on level 6 of the Dungeon)

   [ring of wizardry]

   It improves your spell success rate.
   Str:       It affects your strength (+5).
   rN:        It protects you from negative energy.
 S - a ring of protection from fire
 T - a ring of positive energy
Talismans
 p - a beast talisman
 G - a maw talisman
 M - a maw talisman
 R - a beast talisman
Wands
 v - a wand of paralysis (8)
 x - a wand of digging (5)
Scrolls
 c - a scroll of enchant armour {unknown}
 k - 4 scrolls of teleportation
 q - a scroll of immolation
 s - a scroll of brand weapon {unknown}
 z - a scroll of vulnerability {unknown}
 B - a scroll of poison {unknown}
 D - 2 scrolls of fear {unknown}
 E - a scroll of fog {unknown}
 I - 2 scrolls of noise {unknown}
 K - a scroll of amnesia {unknown}
 U - a scroll of revelation {unknown}
Potions
 d - a potion of lignification
 i - 2 potions of brilliance
 o - 4 potions of curing
 r - 2 potions of magic
 u - a potion of attraction
 C - a potion of degeneration
 F - a potion of heal wounds {unknown}
 J - a potion of might {unknown}
 N - a potion of haste {unknown}
 O - a potion of ambrosia {unknown}


   Skills:
 * Level 2.4 Fighting
 + Level 4.0 Long Blades
 + Level 3.0 Armour
 * Level 5.0 Dodging
 * Level 3.6 Stealth
 * Level 7.1 Spellcasting
 * Level 7.1 Conjurations
 * Level 7.1 Hexes
 * Level 7.1 Summonings
 * Level 7.1 Necromancy
 * Level 7.1 Translocations
 * Level 7.1 Transmutations
 * Level 7.1 Fire Magic
 * Level 7.1 Ice Magic
 * Level 7.1 Air Magic
 * Level 7.1 Earth Magic
 * Level 7.1 Poison Magic
 * Level 1.0 Invocations


You knew the following spells:

 Your Spells              Type           Power      Damage    Failure   Level
a - Foxfire               Conj/Fire      100%       2x1d9     1%          1
b - Scorch                Fire           70%        2d7       1%          2
c - Volatile Blastmotes   Fire/Tloc      70%        2d15      1%          3
d - Inner Flame           Hex/Fire       35%        N/A       1%          3
e - Flame Wave            Conj/Fire      35%        2d10      2%          4
f - Magic Dart            Conj           100%       1d8       1%          1
g - Blink                 Tloc           70%        N/A       1%          2
h - Vampiric Draining     Necr           35%        2d8       1%          3
i - Passage of Golubria   Tloc           35%        N/A       2%          4
Your spell library was empty.

Dungeon Overview and Level Annotations

Branches:
Dungeon (9/15)             Temple (1/1) D:5
   Lair: D:8-11         Orc: D:9-12

Altars:
Ashenzari
Cheibriados
Dithmenos
Elyvilon
Fedhas
Gozag
Hepliaklqana
Makhleb
Nemelex Xobeh
Okawaru
Qazlal
Ru
Trog
Uskayaw
Wu Jian
Xom
Yredelemnul
Zin
The Shining One

Shops:
D:2 :


Innate Abilities, Weirdness & Mutations

You are immune to sickness and miasma.
You are immune to poison.
Your flesh is very heat resistant. (rF++)
You are vulnerable to cold. (rC-)
You float through the air rather than walking.
You learn spells naturally, not from books.
Your magical power is your life essence.
You have superior vitality. (+4 MHP)


Message History

The two-headed ogre shouts in stereo!
You see here 12 gold pieces.
There is a stone staircase leading up here.
The two-headed ogre attacks as you move away!
The two-headed ogre hits you with a +0 giant club.
The two-headed ogre completely misses you.
Casting: Scorch (safe; 1% risk of failure)
Confirm with . or Enter, or press ? or * to list all spells.
A cloud of volatile blastmotes flares up around you!
Found a scroll labelled MATSEEC XYTIU.
Found a stone staircase leading down.
The cloud of blastmotes explodes!
The concussive blast engulfs the two-headed ogre!
The two-headed ogre is moderately wounded.
The concussive blast engulfs you. You resist.
You are knocked back by the blast.
You hear an angry buzzing noise. x2
The two-headed ogre hits you but does no damage.
The two-headed ogre hits you with a +0 giant club.
Casting: Volatile Blastmotes (safe; 1% risk of failure)
Confirm with . or Enter, or press ? or * to list all spells.
A cloud of volatile blastmotes flares up around you!
The two-headed ogre hits you with a +0 giant club!!
The two-headed ogre misses you.
The cloud of blastmotes explodes!
The concussive blast engulfs the two-headed ogre!
The two-headed ogre is heavily wounded.
You hear an angry buzzing noise. x2
Casting: Volatile Blastmotes (safe; 1% risk of failure)
Confirm with . or Enter, or press ? or * to list all spells.
Flames lash the two-headed ogre.
The two-headed ogre is heavily wounded.
The two-headed ogre's fire resistance burns away.
Casting: Scorch (safe; 1% risk of failure)
Confirm with . or Enter, or press ? or * to list all spells.
Flames lash the two-headed ogre.
The two-headed ogre is burned terribly!
The two-headed ogre is severely wounded.
The two-headed ogre hits you with a +0 giant club!!
* * * LOW HITPOINT WARNING * * *
The two-headed ogre hits you with a +0 giant club!
You die...

..#.# ...#
######.#.##...#..
..............#..
#..#............
#.......###.....
##.#...#........
.. #...#...#....
. #..O#...# .
....#..@#<..#
#...$....#
#............
#....######..#
#..... .. #.....
. #.....# #.....#
###+#.#


You could see a two-headed ogre (combustible).

Vanquished Creatures
  2 ice beasts (D:6)
  A sky beast (D:6)
  2 black bears
  3 ogres
  3 kobold brigands
  4 scorpions
  5 howler monkeys
  A gnoll bouda (D:5)
  4 orc priests
  4 hounds
  3 jellies
  A sleepcap (D:4)
  2 iguanas (D:6)
  5 orc wizards
  12 adders
  6 gnolls
  2 shadow imps (D:6)
  A white imp (D:8)
  2 ufetubi
  3 worms (D:2)
  A dart slug (D:5)
  19 orcs
  6 ball pythons
  10 endoplasms
  5 giant cockroaches
  10 goblins
  6 hobgoblins
  5 jackals
  20 kobolds
  5 quokkas
  5 bats
  5 frilled lizards
  6 rats
169 creatures vanquished.

Vanquished Creatures (collateral kills)
  A foxfire (D:4)
1 creature vanquished.

Vanquished Creatures (others)
  179 foxfires
179 creatures vanquished.

Grand Total: 349 creatures vanquished

Notes
Turn   | Place    | Note
-------+----------+-------------------------------------------
     0 | D:1      | jlumianski the Djinni Fire Elementalist began the quest for
                  | the Orb.
     0 | D:1      | jlumianski set off with the following spells memorised:
                  | Foxfire, Scorch, Volatile Blastmotes, Inner Flame, Flame
                  | Wave.
     0 | D:1      | Reached XP level 1. HP: 15/15 MP: 0/0
   113 | D:1      | Reached XP level 2. HP: 19/21 MP: 0/0
   262 | D:2      | Reached XP level 3. HP: 22/25 MP: 0/0
   262 | D:2      | Learned a level 1 spell: Magic Dart
   405 | D:2      | Identified the +7 spear of Ashenzari {heavy, *Noise rF+ rC+
                  | Dex+3}
   818 | D:1      | Found a faded altar of an unknown god.
  1026 | D:2      | Found Litesaeh's Vocational Training.
  1112 | D:2      | Reached XP level 4. HP: 22/31 MP: 0/0
  1426 | D:2      | Reached skill level 1 in Long Blades
  1993 | D:3      | Reached XP level 5. HP: 34/36 MP: 0/0
  1993 | D:3      | Learned a level 2 spell: Blink
  2024 | D:3      | Identified a scroll of acquirement
  2024 | D:3      | Acquired the +2 cloak of Votypho {rElec SInv}
  2219 | D:4      | Found a sacrificial altar of Ru.
  2494 | D:3      | Reached XP level 6. HP: 39/41 MP: 0/0
  2799 | D:5      | Entered Level 5 of the Dungeon
  2799 | D:5      | Noticed an ogre
  3114 | D:4      | Reached skill level 1 in Fighting
  3258 | D:4      | Reached XP level 7. HP: 45/47 MP: 0/0
  3258 | D:4      | Learned a level 3 spell: Vampiric Draining
  3731 | D:5      | Found a staircase to the Ecumenical Temple.
  3744 | Temple   | Entered the Ecumenical Temple
  3760 | Temple   | Became a worshipper of Makhleb the Destroyer
  3848 | D:5      | Reached skill level 1 in Armour
  3848 | D:5      | Reached skill level 5 in Spellcasting
  3848 | D:5      | Reached skill level 5 in Conjurations
  3848 | D:5      | Reached skill level 5 in Hexes
  3848 | D:5      | Reached skill level 5 in Summonings
  3848 | D:5      | Reached skill level 5 in Necromancy
  3848 | D:5      | Reached skill level 5 in Translocations
  3848 | D:5      | Reached skill level 5 in Transmutations
  3848 | D:5      | Reached skill level 5 in Fire Magic
  3848 | D:5      | Reached skill level 5 in Ice Magic
  3848 | D:5      | Reached skill level 5 in Air Magic
  3848 | D:5      | Reached skill level 5 in Earth Magic
  3848 | D:5      | Reached skill level 5 in Poison Magic
  3863 | D:5      | Reached XP level 8. HP: 49/52 MP: 0/0
  4297 | D:5      | Found a blossoming altar of Fedhas.
  4301 | D:5      | Found a hide-covered altar of Uskayaw.
  4306 | D:5      | Found a white marble altar of Elyvilon.
  4662 | D:7      | Reached * piety under Makhleb
  4896 | D:6      | Reached XP level 9. HP: 55/58 MP: 0/0
  4896 | D:6      | Learned a level 4 spell: Passage of Golubria
  4912 | D:6      | Acquired the ring "Ytodox" {Wiz rN+ Str+5}
  5263 | D:6      | Found an iron altar of Okawaru.
  5275 | D:6      | Found a glowing golden altar of the Shining One.
  5555 | D:8      | Reached ** piety under Makhleb
  5565 | D:8      | Reached skill level 5 in Dodging
  5565 | D:8      | Reached skill level 1 in Invocations
  5627 | D:9      | Noticed a two-headed ogre
  5643 | D:9      | Slain by a two-headed ogre

Illustrated notes

Levels and vault maps discovered:
D:1:      dpeg_arrival_shelter, layout_basic,
          shapermc_ecumenical_altar_hornbeckon, nicolae_twisty_statue_hallways
D:2:      minmay_thinvault, layout_rooms, hangedman_decor_clover_reticule,
          dreamdust_wishing_well, grunt_ministairs_15, nicolae_shop_vocational
D:3:      layout_basic
D:4:      cheibrodos_old_hovel, layout_loops_ring,
          nicolae_overflow_hidden_temple, minmay_quadrilaterals
D:5:      layout_rooms, grunt_temple_overflow_diamond,
          minmay_temple_entry_wispy, minmay_misc_feat_chi
D:6:      layout_rooms, grunt_temple_overflow_open, minmay_misc_feat_room,
          minmay_joined_circles
D:7:      layout_basic, nrook_mini_vaults, corexii_corridor_pit,
          nicolae_grassy_gnolls
D:8:      layout_basic, minmay_hedge_maze
D:9:      layout_basic, nicolae_rejected_hall
Temple:   eino_temple_rhombus

Skill      XL: |  1  2  3  4  5  6  7  8  9 |
---------------+----------------------------+-----
Spellcasting   | 4 5 6 7 |  7.1
Conjurations   | 4 5 6 7 |  7.1
Hexes          | 4 5 6 7 |  7.1
Summonings     | 4 5 6 7 |  7.1
Necromancy     | 4 5 6 7 |  7.1
Translocations | 4 5 6 7 |  7.1
Transmutations | 4 5 6 7 |  7.1
Fire Magic     | 4 5 6 7 |  7.1
Ice Magic      | 4 5 6 7 |  7.1
Air Magic      | 4 5 6 7 |  7.1
Earth Magic    | 4 5 6 7 |  7.1
Poison Magic   | 4 5 6 7 |  7.1
Stealth        | 2 3 |  3.6
Dodging        | 3 4 5 |  5.0
Long Blades    | 1 2 3 4 |  4.0
Fighting       | 1 2 |  2.4
Armour         | 1 2 3 |  3.0
Invocations    | 1 |  1.0

Action                     |  1- 3 |  4- 6 |  7- 9 || total
---------------------------+-------+-------+-------++-------
  Melee: Short sword       |    11 |       |       ||    11
         Long sword        |    30 |    55 |    59 ||   144
         Punch             |       |     1 |       ||     1
   Cast: Foxfire           |    29 |    40 |    34 ||   103
         Scorch            |     9 |    37 |    55 ||   101
         Volatile Blastmot |       |     5 |    10 ||    15
         Vampiric Draining |       |       |    44 ||    44
         Inner Flame       |       |       |     2 ||     2
    Use: Scroll            |       |     6 |     3 ||     9
         Potion            |       |     2 |       ||     2
   Stab: Sleeping          |     1 |     8 |     2 ||    11
 Armour: Robe              |    15 |    24 |       ||    39
         Leather armour    |       |     2 |    52 ||    54
  Dodge: Dodged            |    33 |    63 |    85 ||   181

Table legend: (Time is in decaauts)
 A = Elapsed time spent in this place.
 B = Non-inter-level travel time spent in this place.
 C = Inter-level travel time spent in this place.
 D = Time resting spent in this place.
 E = Time spent auto-exploring this place.
 F = Levels seen in this place.
 G = Mean time per level.
                   A        B        C        D        E       F      G
               +--------+--------+--------+--------+--------+-----+--------+
         Total |   5696 |   5540 |    156 |    435 |   3308 |  10 |  569.6 |
       Dungeon |   5649 |   5508 |    141 |    435 |   3308 |   9 |  627.7 |
        Temple |     47 |     32 |     15 |      0 |      0 |   1 |   47.0 |
               +--------+--------+--------+--------+--------+-----+--------+

Top non-repeatable levels by time:
     D:2: 1040 daAuts
     D:4: 988 daAuts
     D:3: 869 daAuts
     D:5: 856 daAuts
     D:1: 848 daAuts
     D:6: 772 daAuts
     D:8: 170 daAuts
     D:7: 85 daAuts
  Temple: 47 daAuts
     D:9: 16 daAuts
